 Dungeon Crawl Stone Soup version 0.28.0 (webtiles) character file.

Game seed: 15643195547536870936

7541 Crownlay the Geomancer (level 11, -1/54 HPs)
             Began as a Gargoyle Earth Elementalist on Feb 11, 2022.
             Was a Priest of Vehumet.
             Shot with an arrow by a centaur warrior (11 damage)
             ... on level 9 of the Dungeon.
             The game lasted 00:19:09 (11402 turns).

Crownlay the Geomancer (GrEE)                      Turns: 11402, Time: 00:19:09

Health: -1/54      AC: 16    Str: 12    XL:     11   Next: 16%
Magic:  25/26      EV: 11    Int: 20    God:    Vehumet [***...]
Gold:   456        SH:  9    Dex: 10    Spells: 26/32 levels left

rFire   . . .      SeeInvis .   d - +0 dagger (holy)
rCold   . . .      Faith    .   E - +0 buckler
rNeg    + . .      Spirit   .   b - +0 robe
rPois   ∞          Reflect  +   t - +0 helmet of Death's Door {Slay+3}
rElec   +          Harm     .   H - +0 cloak
rCorr   .          Rampage  .   (no gloves)
Will    .....                   (no boots)
Stlth   ++........              k - amulet of reflection
HPRegen 0.18/turn               v - +4 ring of protection
MPRegen 0.20/turn               (no ring)

@: no status effects
A: sickness immunity, AC +8, negative energy resistance 1, electricity
resistance, torment resistance 1, petrification resistance
a: Renounce Religion


You were on level 9 of the Dungeon.
You worshipped Vehumet.
Vehumet was most pleased with you.
You visited 2 branches of the dungeon, and saw 10 of its levels.
You also visited: Ossuary.

You collected 456 gold pieces.

Inventory:

Hand Weapons
 d - a +0 dagger of holy wrath (weapon)
 I - the +2 quarterstaff of Wejypin {pain, rPois Str+6 SInv}
   (You found it on level 8 of the Dungeon)

   In the hands of one skilled in necromantic magic, it inflicts extra damage on
   living creatures.
   Str:       It affects your strength (+6).
   rPois:     It protects you from poison.
   SInv:      It lets you see invisible.
Missiles
 a - 4 javelins
 c - 86 stones
Armour
 b - a +0 robe (worn)
 t - the +0 helmet of Death's Door (worn) {Slay+3}
   (You found it on level 4 of the Dungeon)

   Slay:      It affects your accuracy & damage with ranged weapons and melee
   (+3).
 E - a +0 buckler (worn)
 H - a +0 cloak (worn)
Jewellery
 k - an amulet of reflection (around neck)
 v - a +4 ring of protection (left hand)
Wands
 h - a wand of flame (30)
 p - a wand of acid (14)
 B - a wand of mindburst (16)
 G - a wand of digging (1)
 J - a wand of paralysis (11)
Scrolls
 e - 5 scrolls of fear
 f - a scroll of magic mapping {unknown}
 g - 2 scrolls of vulnerability
 m - a scroll of summoning
 n - 4 scrolls of teleportation
 o - a scroll of fog {unknown}
 q - 2 scrolls of noise
 s - a scroll of brand weapon {unknown}
 w - 2 scrolls of amnesia
 y - 2 scrolls of blinking
 A - 2 scrolls of enchant weapon {unknown}
 C - a scroll of acquirement {unknown}
 F - a scroll of immolation {unknown}
Potions
 i - 3 potions of haste {unknown}
 j - a potion of heal wounds {unknown}
 l - 2 potions of curing {unknown}
 r - 2 potions of lignification {unknown}
 u - 2 potions of ambrosia
 x - a potion of berserk rage {unknown}
 z - a potion of degeneration {unknown}
 K - a potion of invisibility {unknown}
 L - 2 potions of brilliance {unknown}
 M - a potion of magic {unknown}
 O - a potion of resistance {unknown}


   Skills:
 - Level 1.5 Dodging
 - Level 2.1 Stealth
 - Level 4.0 Shields
 * Level 11.0 Spellcasting
 + Level 7.5 Conjurations
 - Level 0.7 Transmutations
 - Level 11.6 Earth Magic


You had 26 spell levels left.
You knew the following spells:

 Your Spells              Type           Power      Damage    Failure   Level
a - Sandblast             Erth           100%       2d20      1%          1
b - Passwall              Tmut/Erth      29%        N/A       1%          2
c - Stone Arrow           Conj/Erth      98%        3d13      1%          3

Your spell library contained the following spells:

 Spells                   Type           Power      Damage    Failure   Level
 Sticky Flame             Conj/Fire      26%        2d5       4%          4
 Foxfire                  Conj/Fire      100%       2x1d9     1%          1
 Static Discharge         Conj/Air       26%        N/A       1%          2
 Conjure Flame            Conj/Fire      26%        6-21      1%          3
 Flame Wave               Conj/Fire      26%        2d7       4%          4
 Beastly Appendage        Tmut           26%        N/A       6%          1
 Petrify                  Tmut/Erth      35%        N/A       6%          4
 Inner Flame              Hex/Fire       11%        N/A       7%          3
 Wereblood                Tmut           13%        N/A       9%          2
 Lightning Bolt           Conj/Air       13%        1d26      13%         5
 Spider Form              Tmut/Pois      12%        N/A       21%         3
 Olgreb's Toxic Radiance  Pois           11%        N/A       21%         4
 Ozocubu's Armour         Ice            11%        N/A       24%         3
 Ozocubu's Refrigeration  Ice            5%         4d6       100%        7
 Ignition                 Fire           5%         3d4       100%        8
 Maxwell's Capacitive Co  Air            5%         ∞         100%        8


Dungeon Overview and Level Annotations

Branches:
Dungeon (9/15)             Temple (1/1) D:4         Ossuary (visited)
   Lair: D:8-11         Orc: D:9-12

Altars:
Ashenzari
Cheibriados
Dithmenos
Elyvilon
Fedhas
Gozag
Hepliaklqana
Kikubaaqudgha
Makhleb
Nemelex Xobeh
Okawaru
Qazlal
Ru
Sif Muna
Trog
Uskayaw
Vehumet
Wu Jian
Xom
Yredelemnul
Zin
The Shining One

Shops:
D:2 [


Innate Abilities, Weirdness & Mutations

You are immune to sickness and miasma.
Your stone body is resilient. (AC +8)
You are immune to poison.
You resist negative energy. (rN+)
You are resistant to electric shocks. (rElec)
You are resistant to unholy torment.
You are immune to petrification.


Message History

Aim: a centaur warrior, quivering arrows (lightly wounded, 82% to hit)
Okay, then.
The centaur warrior shoots an arrow.
The arrow barely misses you.
The centaur warrior shoots an arrow.
The arrow hits your yak!!
Your yak dies!
Your yak's corpse dissolves into shadows!
The centaur warrior wields a +0 longbow.
The centaur warrior shoots an arrow.
The arrow hits your yak!!
Your yak dies!
Your yak's corpse dissolves into shadows!
The centaur warrior wields a +0 shortbow.
The centaur warrior shoots an arrow.
You reflect the arrow off an invisible shield around you!
The arrow hits the centaur warrior!!
The centaur warrior shoots an arrow.
You reflect the arrow off an invisible shield around you!
The arrow closely misses the centaur warrior.
The arrow barely misses your yak.
The centaur warrior shoots an arrow.
The arrow hits your two-headed ogre!
Your two-headed ogre hits the centaur warrior with a +0 giant spiked club.
Your two-headed ogre hits the centaur warrior with a +0 giant spiked club!
Your yak gores the centaur warrior! x2; The centaur warrior shoots an arrow.
You reflect the arrow off an invisible shield around you!
The arrow hits the centaur warrior!!
Casting: Stone Arrow (safe; 1% risk of failure)
Confirm with . or Enter, or press ? or * to list all spells.
Aiming: Stone Arrow (safe; 1% risk of failure)
Press: ? - help, Shift-Dir - straight line, f - centaur warrior
Aim: a centaur warrior, wielding a +0 shortbow and quivering arrows (severely wounded, 82% to hit)
The stone arrow hits the centaur warrior!
You kill the centaur warrior!
Vehumet accepts your kill.
You feel your power returning.
The centaur warrior shoots an arrow.
The arrow hits you!
The centaur warrior shoots an arrow.
The arrow hits your two-headed ogre.
The centaur warrior shoots an arrow.
The arrow hits you!
* * * LOW HITPOINT WARNING * * *
Your yak gores the centaur warrior.
Your Spellcasting skill increases to level 11!
The centaur warrior shoots an arrow.
The arrow hits you!
You die...

#.............##.
#####..........)..##. #
#..............))..##
#c.##
#..................##
#...#...c................
#...'.Y...##############.
#.?.#.ccO.# #########'
#.c## #.Y...# #.........
# #..Y@.# #.........
#.....# #.........
#.....# #.........
#.....# #.........
#.....# #.........
#.....# #.........
#.....# #.........
####### #.........
#.........


You could see 3 centaur warriors, a friendly two-headed ogre (summoned) and 3
friendly yaks.

Vanquished Creatures
  A centaur warrior (D:9)
  Joseph (D:8)
  A kobold demonologist (D:9)
  A troll (D:9)
  A blink frog (shapeshifter) (D:8)
  Sigmund (D:3)
  A shadow (D:9)
  3 yaks (D:9)
  A steam dragon (D:8)
  3 orc warriors (D:9)
  3 water moccasins
  An ice beast (D:7)
  3 sky beasts
  3 black bears (D:6)
  2 ogres (D:6)
  A necrophage (D:7)
  2 bullfrogs
  2 gnoll sergeants
  15 scorpions
  A water moccasin zombie (D:6)
  12 killer bees
  11 wights
  A howler monkey (D:5)
  2 hounds
  4 centaur zombies
  3 human zombies (Ossuary)
  2 jellies (D:6)
  4 orc priests
  Crazy Yiuf (D:7)
  2 bullfrog skeletons
  A centaur skeleton (D:6)
  A gnoll shaman (D:9)
  5 iguanas
  Ijyb (D:3)
  Terence (D:2)
  2 scorpion zombies (Ossuary)
  5 orc wizards
  3 mummies (Ossuary)
  A howler monkey zombie (D:5)
  16 gnolls
  10 adders
  3 white imps
  2 worms
  23 orcs
  6 ball pythons
  3 bats
  5 endoplasms
  2 giant cockroaches
  5 goblins
  10 hobgoblins
  8 jackals
  3 quokkas
  A frilled lizard (D:3)
  3 gnoll zombies (Ossuary)
  2 goblin zombies (Ossuary)
  A hobgoblin zombie (Ossuary)
  7 kobolds
  5 kobold zombies (Ossuary)
  An orc zombie (Ossuary)
  7 rats
232 creatures vanquished.

Vanquished Creatures (others)
  7 plants (D:2)
7 creatures vanquished.

Grand Total: 239 creatures vanquished

Notes
Turn   | Place    | Note
-------+----------+-------------------------------------------
     0 | D:1      | Crownlay the Gargoyle Earth Elementalist began the quest
                  | for the Orb.
     0 | D:1      | Reached XP level 1. HP: 10/10 MP: 3/3
   167 | D:1      | Reached XP level 2. HP: 15/15 MP: 5/5
   214 | D:1      | Found a faded altar of an unknown god.
   392 | D:1      | Reached XP level 3. HP: 10/19 MP: 4/6
  1385 | D:2      | Found Qoaplew's Armour Boutique.
  1520 | D:2      | Reached skill level 5 in Earth Magic
  1524 | D:1      | Reached XP level 4. HP: 5/24 MP: 5/8
  1883 | D:2      | Noticed Terence
  1889 | D:2      | Killed Terence
  1903 | D:2      | Reached XP level 5. HP: 28/28 MP: 2/9
  1906 | D:2      | Learned a level 2 spell: Passwall
  1910 | D:2      | Learned a level 3 spell: Stone Arrow
  2634 | D:3      | Noticed Sigmund
  2639 | D:3      | Killed Sigmund
  2640 | D:3      | Reached XP level 6. HP: 29/32 MP: 6/11
  2794 | D:3      | Noticed Ijyb
  2803 | D:3      | Killed Ijyb
  3051 | D:3      | Found an ornate altar of the Wu Jian Council.
  3329 | D:4      | Found a shadowy altar of Dithmenos.
  3391 | D:4      | Found a basalt altar of Yredelemnul.
  3407 | D:4      | Found a staircase to the Ecumenical Temple.
  3415 | Temple   | Entered the Ecumenical Temple
  3772 | D:4      | Identified the +0 helmet of Death's Door {Slay+3}
  4043 | D:4      | Reached XP level 7. HP: 34/36 MP: 9/13
  4199 | D:5      | Entered Level 5 of the Dungeon
  4244 | D:5      | Found a radiant altar of Vehumet.
  4251 | D:5      | Became a worshipper of Vehumet
  4301 | D:5      | Found a sand-covered staircase.
  4314 | Ossuary  | Entered an ossuary
  4744 | Ossuary  | Reached skill level 5 in Spellcasting
  4744 | Ossuary  | Reached XP level 8. HP: 41/41 MP: 12/15
  4788 | Ossuary  | Reached * piety under Vehumet
  4788 | Ossuary  | Offered knowledge of Freeze by Vehumet.
  4800 | Ossuary  | Reached skill level 10 in Earth Magic
  6155 | D:5      | Reached XP level 9. HP: 45/45 MP: 8/18
  6353 | D:6      | Found a shimmering blue altar of Sif Muna.
  6375 | D:6      | Reached skill level 1 in Conjurations
  7221 | D:6      | Reached ** piety under Vehumet
  7221 | D:6      | Offered knowledge of Magic Dart by Vehumet.
  7666 | D:7      | Found a stormy altar of Qazlal.
  7875 | D:7      | Reached skill level 1 in Shields
  7879 | D:7      | Reached XP level 10. HP: 40/50 MP: 13/22
  8124 | D:7      | Found a runed translucent door.
  8125 | D:7      | Noticed Crazy Yiuf
  8290 | D:7      | Found an ancient bone altar of Kikubaaqudgha.
  8326 | D:7      | Offered knowledge of Frozen Ramparts by Vehumet.
  8379 | D:7      | Reached skill level 5 in Conjurations
  8500 | D:7      | Found an opulent altar of Gozag.
  8526 | D:7      | Found a glowing silver altar of Zin.
  8628 | D:7      | Killed Crazy Yiuf
  8727 | D:8      | Noticed Joseph
  8730 | D:8      | Killed Joseph
  8893 | D:8      | Found a glowing golden altar of the Shining One.
  8959 | D:8      | Reached *** piety under Vehumet
  8966 | D:8      | Identified the +2 quarterstaff of Wejypin {pain, rPois
                  | Str+6 SInv}
  9263 | D:8      | Found an iron altar of Okawaru.
  9507 | D:8      | Found a burning altar of Makhleb.
  9883 | D:9      | Noticed a kobold demonologist
  9892 | D:9      | Noticed a soul eater
  9899 | D:9      | Killed a kobold demonologist
 10168 | D:9      | Reached skill level 10 in Spellcasting
 10174 | D:9      | Offered knowledge of Sticky Flame by Vehumet.
 10574 | D:9      | Reached XP level 11. HP: 54/54 MP: 25/25
 10582 | D:9      | Found a sacrificial altar of Ru.
 10650 | D:9      | Reached **** piety under Vehumet
 10784 | D:9      | Noticed a centaur warrior
 10784 | D:9      | Noticed a centaur warrior
 10784 | D:9      | Noticed a centaur warrior
 11126 | D:9      | Noticed a centaur warrior
 11401 | D:9      | Killed a centaur warrior
 11402 | D:9      | Shot with an arrow by a centaur warrior

Illustrated notes

Levels and vault maps discovered:
D:1:      matt_arrival_spirals, layout_basic, basic_ecumenical_altar,
          minmay_circled_x
D:2:      layout_basic, serial_shops, nicolae_square_shop,
          nicolae_grassy_gnolls, uniq_terence
D:3:      layout_rooms, nzn_wu_jian_contemplation, uniq_sigmund, uniq_ijyb
D:4:      layout_basic, mainiacjoe_overflow_six_doors_small, lemuel_tele_altar,
          minmay_temple_entry_statues_pillars
D:5:      layout_layer_cave, overflow_temple_1_default,
          nicolae_ossuary_entry_ruins
D:6:      minmay_recursive_quarters, layout_loops_ring,
          mainiacjoe_overflow_small_starburst, kennysheep_generic_room_9
D:7:      layout_gridville, nicolae_qazlal_general_emergency,
          mainiacjoe_overflow_paths,
          pdpol_temple_overflow_zin_treasury_gozag_greed,
          uniq_crazy_yiuf_cottage
D:8:      layout_loops_ring, lemuel_coloured_pillars_altar, tso_metal_star,
          mainiacjoe_overflow_concentric_impassable, serial_aquarium,
          aquarium_bridge_long_joined [aquarium_subvault_bridge,
          aquarium_subvault_wall, aquarium_subvault_bridge,
          aquarium_subvault_wall, aquarium_subvault_bridge,
          aquarium_subvault_window], aquarium_bridge_island_small
          [aquarium_subvault_small_open, aquarium_subvault_window,
          aquarium_subvault_bridge, aquarium_subvault_bridge,
          aquarium_subvault_balcony], aquarium_window_1, aquarium_window_3,
          aquarium_window_corner, aquarium_window_corner, aquarium_view_2g,
          aquarium_pool_2, kennysheep_generic_room_6, uniq_joseph
D:9:      minmay_blocky_corners, layout_basic, kennysheep_mini
Temple:   jpeg_temple_island

Skill      XL: |  1  2  3  4  5  6  7  8  9 10 11 |
---------------+----------------------------------+-----
Earth Magic    | 4 5 7 9 11 | 11.6
Spellcasting   | 3 4 5 6 8 10 11 | 11.0
Conjurations   | 4 7 |  7.5
Shields        | 1 4 |  4.0
Dodging        | |  1.5
Stealth        | |  2.1
Transmutations | |  0.7

Action                   |  1- 3 |  4- 6 |  7- 9 | 10-12 || total
-------------------------+-------+-------+-------+-------++-------
Melee: Unarmed           |     4 |       |       |       ||     4
       Dagger            |    39 |    11 |     5 |       ||    55
Throw: Javelin           |     9 |     2 |     6 |       ||    17
 Cast: Sandblast         |    16 |    58 |    97 |    90 ||   261
       Stone Arrow       |       |       |    57 |    52 ||   109
  Use: Scroll            |     2 |       |     3 |     4 ||     9
 Stab: Sleeping          |     2 |       |       |       ||     2
Armor: Robe              |    17 |     6 |    36 |    15 ||    74
Dodge: Dodged            |    40 |    23 |    60 |    25 ||   148
Block: Other             |       |       |     3 |     5 ||     8
       Buckler           |       |       |       |    30 ||    30
       Reflection        |       |       |       |    12 ||    12
